 Dungeon Crawl Stone Soup version 0.21.1-1-g345015f (webtiles) character file.

670 kae the Insei (level 7, -1/46 HPs)
             Began as an Octopode Transmuter on May 26, 2018.
             Slain by a phantom (9 damage)
             ... on level 5 of the Dungeon.
             The game lasted 00:06:28 (6218 turns).

kae the Insei (Octopode Transmuter)                 Turns: 6218, Time: 00:06:29

Health: -1/46      AC:  1    Str: 10    XL:     7   Next: 58%
Magic:  12/12      EV: 15    Int: 17    God:
Gold:   387        SH:  0    Dex: 14    Spells: 2/13 levels left

rFire    . . .     SeeInvis +     - Unarmed
rCold    . . .     Gourm    .   (no shield)
rNeg     . . .     Faith    .   (helmet restricted)
rPois    .         Spirit   .   (no amulet)
rElec    .         Reflect  .   d - ring of see invisible
rCorr    .         Harm     .   (no ring)
MR       .....     Rnd*Tele +   (no ring)
Stlth    ++........             (no ring)
HPRegen  0.15/turn              (no ring)
MPRegen  0.13/turn              (no ring)
                                (no ring)
                                (no ring)

@: appendage
A: almost no armour, stealthy swim, amphibious, 8 rings, constrict 8, tentacle
spike 3, camouflage 1, clever 1, mutation resistance 1, teleportitis 1,
gelatinous body 1
a: End Transformation


You were on level 5 of the Dungeon.
You were hungry.
One of your tentacles had a temporary spike.
You visited 1 branch of the dungeon, and saw 5 of its levels.

You collected 387 gold pieces.

Inventory:

Missiles
 a - 49 arrows
Jewellery
 d - a ring of see invisible (left tentacle)
Wands
 i - a wand of iceblast (5)
 n - a wand of acid (11)
Scrolls
 f - 2 scrolls of fog
 g - 2 scrolls of teleportation
 k - a scroll of noise
 l - 2 scrolls of identify
 r - a scroll of enchant weapon
Potions
 h - a potion of magic
 j - a potion of haste {unknown}
 m - a potion of degeneration {unknown}
 o - 2 potions of heal wounds {unknown}
 p - 2 potions of resistance {unknown}
Books
 b - a book of Changes

   Spells                             Type                      Level
   a - Beastly Appendage              Transmutation                1
   b - Sticks to Snakes               Transmutation                2
   c - Spider Form                    Transmutation/Poison         3
   d - Ice Form                       Ice/Transmutation            4
   e - Blade Hands                    Transmutation                5
 q - a book of Minor Magic

   Spells                             Type                      Level
   a - Magic Dart                     Conjuration                  1
   b - Blink                          Translocation                2
   c - Call Imp                       Summoning                    2
   d - Slow                           Hexes                        2
   e - Conjure Flame                  Conjuration/Fire             3
   f - Mephitic Cloud                 Conjuration/Poison/Air       3
Comestibles
 c - 7 rations


   Skills:
 + Level 3.5 Fighting
 + Level 3.9 Dodging
 + Level 4.6 Unarmed Combat
 + Level 3.7 Spellcasting
 + Level 4.0 Transmutations


You had 2 spell levels left.
You knew the following spells:

 Your Spells              Type           Power        Failure   Level  Hunger
a - Beastly Appendage     Tmut           ###...       3%          1    None
b - Sticks to Snakes      Tmut           ###.....     4%          2    ##.....
c - Spider Form           Tmut/Pois      ##........   22%         3    ###....
d - Blade Hands           Tmut           ###.......   63%         5    ######.


Dungeon Overview and Level Annotations

Branches:
Dungeon (5/15)
 Temple: D:4-7

Altars:
Dithmenos
Fedhas


Innate Abilities, Weirdness & Mutations

You cannot wear most types of armour.
You are very stealthy in the water. (Stealth+)
You are amphibious.
You can wear up to eight rings at the same time.
You can use your tentacles to constrict eight enemies at once.
Your skin changes colour to match your surroundings (Stealth+).
Your rubbery body absorbs attacks. (AC +1, EV +1)
One of your tentacles bears a large vicious spike.
Your mind is acute. (Int +2)
You are somewhat resistant to further mutation.
You are occasionally teleported next to monsters.


Message History

You miss the phantom.
The phantom is moderately damaged.
The phantom blinks!
The phantom blinks!
You are feeling hungry.
You barely miss the phantom.
The phantom is moderately damaged.
The phantom completely misses you.
You tentacle-slap the phantom.
Your tentacle-slap misses the phantom.
Your squeeze misses the phantom.
The phantom is moderately damaged.
The phantom hits you.
You closely miss the phantom.
The phantom is moderately damaged.
The phantom hits you!
* * * LOW HITPOINT WARNING * * *
You tentacle-slap the phantom but do no damage.
The phantom is moderately damaged.
The phantom hits you!
You die...

..#........# #...
#..........## #...
##..........# #..
#..........## #.. ...
#..........# #.. ..
##..........# #.. ..
#..........## ##.# #.
#..W........## #... #.#
#..@.........####...
#####..###........###...#....
o.......##.....#### ##.......
.>...8.))..##### ###.#..###.
.......!#### #..##..# ##
#####..#### #..##..#
##.#.##..####### #####..#
#..###.......#P# #..#
............PP≈## #..#


You could see a phantom.

Vanquished Creatures
  A water moccasin (D:5)
  2 scorpions
  A water moccasin skeleton (D:4)
  An orc priest (D:3)
  An iguana (D:4)
  2 orc wizards
  3 worker ants
  4 gnolls
  A howler monkey skeleton (D:5)
  8 adders
  An ooze (D:1)
  An adder zombie (D:5)
  A worm (D:2)
  3 leopard geckos
  21 orcs
  A ball python (D:4)
  10 bats
  6 giant cockroaches
  7 goblins
  8 hobgoblins
  7 kobolds
  5 quokkas
  A ball python skeleton (D:4)
  9 frilled lizards
  A leopard gecko skeleton (D:4)
  3 rats
109 creatures vanquished.

Notes
Turn   | Place    | Note
-------+----------+-------------------------------------------
     0 | D:1      | kae the Octopode Transmuter began the quest for the Orb.
     0 | D:1      | Reached XP level 1. HP: 13/13 MP: 3/3
   181 | D:1      | Reached XP level 2. HP: 16/18 MP: 5/5
   532 | D:1      | Reached XP level 3. HP: 20/23 MP: 4/6
  1252 | D:2      | Found a blossoming altar of Fedhas.
  1465 | D:2      | Reached XP level 4. HP: 23/29 MP: 7/7
  2570 | D:3      | Reached XP level 5. HP: 21/34 MP: 7/9
  2688 | D:3      | Learned a level 2 spell: Sticks to Snakes
  2692 | D:3      | Learned a level 3 spell: Spider Form
  2764 | D:3      | Gained mutation: One of your tentacles bears a spike. [potion of mutation]
  2764 | D:3      | Gained mutation: You expend magic power (3 MP) to strengthen your wands. [potion of mutation]
  2764 | D:3      | Gained mutation: You are occasionally teleported next to monsters. [potion of mutation]
  2764 | D:3      | Gained mutation: Your flesh is heat resistant. (rF+) [potion of mutation]
  2765 | D:3      | Lost mutation: You expend magic power (3 MP) to strengthen your wands. [potion of mutation]
  2765 | D:3      | Lost mutation: One of your tentacles bears a spike. [potion of mutation]
  2765 | D:3      | Lost mutation: Your flesh is heat resistant. (rF+) [potion of mutation]
  2765 | D:3      | Gained mutation: Your mind is acute. (Int +2) [potion of mutation]
  2765 | D:3      | Gained mutation: You are somewhat resistant to further mutation. [potion of mutation]
  3881 | D:4      | Reached XP level 6. HP: 21/41 MP: 10/10
  4136 | D:4      | Learned a level 5 spell: Blade Hands
  5732 | D:4      | Reached XP level 7. HP: 46/46 MP: 12/12
  5864 | D:5      | Entered Level 5 of the Dungeon
  5912 | D:5      | Found a shadowy altar of Dithmenos.
  6218 | D:5      | Slain by a phantom

Skill      XL: |  1  2  3  4  5  6  7 |
---------------+----------------------+-----
Fighting       | 2 3 |  3.5
Transmutations | 3 4 |  4.0
Dodging        | 3 |  3.9
Unarmed Combat | 4 |  4.6
Spellcasting   | 3 |  3.7

Action                   |  1- 3 |  4- 6 |  7- 9 || total
-------------------------+-------+-------+-------++-------
Melee: Unarmed           |    75 |   200 |    52 ||   327
       Constrict         |    18 |    48 |     6 ||    72
       Tentacles         |     7 |    22 |     8 ||    37
       Kick              |     3 |    22 |     3 ||    28
       Punch             |     2 |    10 |     2 ||    14
 Cast: Beastly Appendage |     3 |    16 |     4 ||    23
       Spider Form       |       |       |     1 ||     1
Evoke: Wand              |       |       |     1 ||     1
  Use: Scroll            |       |     7 |       ||     7
       Potion            |       |     5 |     1 ||     6
 Stab: Sleeping          |     4 |     8 |       ||    12
       Distracted        |     1 |       |       ||     1
  Eat: Chunk             |     1 |    10 |     2 ||    13
       Ration            |       |     1 |       ||     1
Armor: Skin              |     8 |    10 |     1 ||    19
Dodge: Dodged            |    41 |   151 |    28 ||   220
